 Dungeon Crawl Stone Soup version 0.23-a0-480-g1869896 (webtiles) character file.

10846 nikopol the Thaumaturge (level 11, 0/57 HPs)
             Began as a Deep Elf Fire Elementalist on Nov 28, 2018.
             Was an Elder of Vehumet.
             Slain by an unseen horror (4 damage)
             ... on level 11 of the Dungeon.
             The game lasted 00:32:38 (10878 turns).

nikopol the Thaumaturge (DEFE)                     Turns: 10878, Time: 00:32:39

Health: 0/57       AC:  5    Str:  5    XL:     11   Next: 41%
Magic:  12/30      EV: 15    Int: 24    God:    Vehumet [****..]
Gold:   581        SH:  0    Dex: 15    Spells: 18/37 levels left

rFire    + . .     SeeInvis .   (no weapon)
rCold    . . .     Gourm    .   (no shield)
rNeg     + . .     Faith    .   p - +0 robe {rC+}
rPois    .         Spirit   .   E - +0 helmet (curse)
rElec    .         Reflect  .   t - +1 cloak {MR+}
rCorr    .         Harm     .   (no gloves)
MR       ++...                  (no boots)
Stlth    +++.......             (no amulet)
HPRegen  0.19/turn              F - ring of positive energy
MPRegen  0.22/turn              u - ring of fire

@: no status effects
A: no striking features
a: Renounce Religion


You were on level 11 of the Dungeon.
You worshipped Vehumet.
Vehumet was greatly pleased with you.
You were hungry.

You visited 2 branches of the dungeon, and saw 12 of its levels.

You collected 581 gold pieces.

Inventory:

Armour
 a - a +0 robe
 p - a +0 robe of cold resistance (worn)
 t - a +1 cloak of magic resistance (worn)
 E - a cursed +0 helmet (worn)
Jewellery
 h - an uncursed ring of flight
 u - a ring of fire (right hand)
 w - an uncursed ring of ice
 F - a ring of positive energy (left hand)
Wands
 v - a wand of iceblast (13)
 z - a wand of flame (11)
 C - a wand of digging (3)
 D - a wand of random effects (7)
 I - a wand of clouds (6)
Scrolls
 b - 2 scrolls of identify
 e - 3 scrolls of fear
 g - 2 scrolls of enchant weapon
 j - a scroll of immolation {unknown}
 k - 11 scrolls of teleportation
 l - 2 scrolls of remove curse
 n - 2 scrolls of enchant armour {unknown}
 o - 2 scrolls of random uselessness {unknown}
 s - 2 scrolls of fog {unknown}
 x - a scroll of magic mapping {unknown}
 y - 2 scrolls of blinking {unknown}
 B - a scroll of noise {unknown}
 G - a scroll of vulnerability {unknown}
 H - a scroll of amnesia {unknown}
Potions
 d - 2 potions of heal wounds
 f - 10 potions of curing
 i - a potion of cancellation
 m - a potion of resistance
 q - 2 potions of lignification
 r - 3 potions of flight
 A - a potion of mutation
 J - a potion of might
 K - a potion of haste
 L - 2 potions of degeneration
 M - a potion of invisibility
 O - a potion of brilliance
 P - 2 potions of ambrosia {unknown}
Comestibles
 c - 18 rations
 N - 2 chunks of flesh


   Skills:
 + Level 1.7 Fighting
 + Level 5.6 Dodging
 + Level 5.1 Stealth
 + Level 13.6 Spellcasting
 + Level 10.1 Conjurations
 + Level 0.8 Translocations
 + Level 11.1 Fire Magic


You had 18 spell levels left.
You knew the following spells:

 Your Spells              Type           Power        Failure   Level  Hunger
a - Flame Tongue          Conj/Fire      #####        1%          1    None
b - Throw Flame           Conj/Fire      ######       1%          2    None
c - Conjure Flame         Conj/Fire      #######.     1%          3    None
d - Sticky Flame          Conj/Fire      #######.     1%          4    None
e - Fireball              Conj/Fire      #######...   1%          5    ###....
f - Force Lance           Conj/Tloc      #####...     1%          4    None

Your spell library contained the following spells:

 Spells                   Type           Power        Failure   Level  Hunger
 Lee's Rapid Deconstruct  Erth           ###.......   26%         5    ###....
 Magic Dart               Conj           ####         1%          1    None
 Searing Ray              Conj           ######       1%          2    None
 Dazzling Spray           Conj/Hex       #####.       1%          3    None
 Inner Flame              Hex/Fire       ######..     1%          3    None
 Mephitic Cloud           Conj/Pois/Air  ####....     1%          3    None
 Fulminant Prism          Conj/Hex       #####.....   1%          4    None
 Iskenderun's Mystic Bla  Conj           ######..     1%          4    None
 Corona                   Hex            ###....      3%          1    None
 Blink                    Tloc           N/A          3%          2    None
 Shroud of Golubria       Chrm/Tloc      ###.......   4%          2    None
 Call Imp                 Summ           ###.....     5%          2    None
 Slow                     Hex            ###.....     5%          2    None
 Gell's Gravitas          Tloc           ###.......   8%          3    None
 Lesser Beckoning         Tloc           ###.......   8%          3    None
 Teleport Other           Tloc           ###.....     8%          3    None
 Portal Projectile        Hex/Tloc       ###...       9%          3    None
 Passage of Golubria      Tloc           N/A          26%         4    None
 Cause Fear               Hex            ###.......   36%         4    None
 Leda's Liquefaction      Hex/Erth       ###.......   36%         4    None


Dungeon Overview and Level Annotations

Branches:
Dungeon (11/15)            Temple (1/1) D:4
   Lair: D:8-11         Orc: D:9-12

Altars:
Ashenzari
Dithmenos
Elyvilon
Gozag
Nemelex Xobeh
Okawaru
Qazlal
Ru
Sif Muna
Trog
Uskayaw
Vehumet
Wu Jian
Xom
Yredelemnul
The Shining One

Shops:
D:4 %


Message History

The flame tongue hits the unseen horror.
The unseen horror appears unharmed.
The unseen horror is moderately wounded.
The unseen horror burns!
The unseen horror hits you.
* * * LOW HITPOINT WARNING * * *
Casting: Flame Tongue (safe; 1% risk of failure)
Confirm with . or Enter, or press ? or * to list all spells.
Aiming: Fireball (safe; 1% risk of failure)
Press: ? - help, Shift-Dir - straight line, p - unseen horror You feel a surge of power!
The fireball explodes!
The fireball engulfs the unseen horror.
The unseen horror is almost dead.
The fireball engulfs the worker ant.
You kill the worker ant!
Vehumet accepts your kill.
You feel your power returning.
You are feeling hungry.
You hear a howl! x2
The unseen horror burns!
The unseen horror hits you.
You die...

### # #<# .. #.#
#+########
#.##.#@###.........
<......x..#.........
.#.##.#...†.5.5.....
......#.##........
....#.#.#.........
######.#.#.........
..#.#.........
###'#.........
..........##


You could see an unseen horror (burning) and a crimson imp.

Vanquished Creatures
  A two-headed ogre (D:9)
  An unseen horror (D:10)
  Pikel (D:5)
  A cyclops (D:9)
  Maurice (D:10)
  A merfolk (D:9)
  A queen bee (shapeshifter) (D:11)
  A troll (D:10)
  Prince Ribbit (D:8)
  A hippogriff (D:11)
  12 yaks (D:10)
  4 hungry ghosts
  Grum (D:10)
  An acid dragon (D:11)
  A black bear (D:10)
  2 orc warriors
  4 sky beasts
  5 ice beasts
  A phantom (D:9)
  3 wolves (D:10)
  6 necrophages
  3 ogres
  5 centaurs
  7 bullfrogs
  A big kobold (D:9)
  2 wyvern zombies
  A scorpion (D:4)
  6 wights
  4 killer bees (D:9)
  A howler monkey (D:4)
  4 crimson imps
  A bullfrog zombie (D:9)
  An orc priest (D:9)
  7 orc wizards
  Crazy Yiuf (D:4)
  Terence (D:3)
  4 iguanas
  Natasha (thrice) (D:3)
  8 worker ants
  A killer bee zombie (D:10)
  3 hound skeletons
  A howler monkey zombie (D:9)
  2 worker ant zombies (D:9)
  14 gnolls
  11 adders
  2 shadow imps
  3 oozes
  4 adder skeletons
  3 worms
  2 dart slugs
  3 leopard geckos
  25 orcs
  4 giant cockroaches
  6 goblins
  7 hobgoblins
  12 jackals
  8 kobolds
  5 quokkas
  4 bats
  7 frilled lizards
  A jackal skeleton (D:5)
  A leopard gecko skeleton (D:9)
  8 rats
247 creatures vanquished.

Vanquished Creatures (others)
  A crimson imp (D:5)
1 creature vanquished.

Grand Total: 248 creatures vanquished

Notes
Turn   | Place    | Note
-------+----------+-------------------------------------------
     0 | D:1      | nikopol the Deep Elf Fire Elementalist began the quest for
                  | the Orb.
     0 | D:1      | Reached XP level 1. HP: 10/10 MP: 6/6
   363 | D:1      | Reached XP level 2. HP: 13/15 MP: 2/8
   844 | D:2      | Reached XP level 3. HP: 18/19 MP: 2/10
  1842 | D:2      | Found a sacrificial altar of Ru.
  1851 | D:2      | Found a stormy altar of Qazlal.
  1959 | D:3      | Noticed Terence
  1965 | D:2      | Learned a level 2 spell: Throw Flame
  1969 | D:2      | Learned a level 3 spell: Conjure Flame
  2034 | D:3      | Reached XP level 4. HP: 24/24 MP: 7/11
  2045 | D:2      | Reached skill level 4 in Spellcasting
  2211 | D:3      | Noticed Natasha
  2369 | D:3      | Killed Natasha
  2437 | D:3      | Reached XP level 5. HP: 28/28 MP: 10/13
  2691 | D:3      | Noticed Natasha
  2697 | D:3      | Killed Natasha
  3110 | D:3      | Killed Terence
  3234 | D:3      | Reached skill level 5 in Fire Magic
  3236 | D:3      | Noticed Natasha
  3240 | D:3      | Killed Natasha
  3240 | D:3      | Reached skill level 5 in Spellcasting
  3240 | D:3      | Reached XP level 6. HP: 32/32 MP: 11/15
  3251 | D:3      | Learned a level 4 spell: Sticky Flame
  3800 | D:4      | Found a runed door.
  3873 | D:4      | Found Vonejoil's Food Emporium.
  3928 | D:4      | Found a staircase to the Ecumenical Temple.
  3937 | Temple   | Entered the Ecumenical Temple
  3993 | Temple   | Became a worshipper of Vehumet
  4038 | D:4      | Got an ominously black robe
  4049 | D:4      | Identified the cursed +1 robe "Wuf Ustre" {rN++ rCorr MP-9}
                  | (You found it on level 4 of the Dungeon)
  4223 | D:4      | Reached skill level 6 in Spellcasting
  4261 | D:4      | You fall through a shaft!
  4261 | D:5      | Entered Level 5 of the Dungeon
  4287 | D:5      | Noticed a slave
  4287 | D:5      | Noticed a slave
  4549 | D:4      | Noticed Crazy Yiuf
  4554 | D:4      | Killed Crazy Yiuf
  4554 | D:4      | Reached XP level 7. HP: 36/36 MP: 10/18
  5179 | D:5      | Reached skill level 7 in Spellcasting
  5299 | D:5      | Noticed Pikel
  5308 | D:5      | Learned a level 5 spell: Fireball
  5323 | D:5      | Killed Pikel
  5323 | D:5      | Reached skill level 8 in Spellcasting
  5323 | D:5      | Reached skill level 5 in Conjurations
  5323 | D:5      | Reached XP level 8. HP: 19/42 MP: 15/22
  5557 | D:5      | Learned a level 4 spell: Force Lance
  5946 | D:6      | Reached skill level 1 in Fighting
  6074 | D:6      | Reached * piety under Vehumet
  6074 | D:6      | Offered knowledge of Sandblast by Vehumet.
  6094 | D:6      | Found a bloodstained altar of Trog.
  6111 | D:6      | Reached skill level 9 in Spellcasting
  6639 | D:7      | Reached XP level 9. HP: 47/47 MP: 13/24
  7062 | D:7      | Reached ** piety under Vehumet
  7177 | D:7      | Offered knowledge of Shock by Vehumet.
  7421 | D:7      | Reached skill level 10 in Spellcasting
  7504 | D:8      | Found a sparkling altar of Nemelex Xobeh.
  7598 | D:8      | Noticed Prince Ribbit
  7606 | D:8      | Killed Prince Ribbit
  8362 | D:9      | Noticed a two-headed ogre
  8372 | D:9      | Killed a two-headed ogre
  8372 | D:9      | Reached skill level 11 in Spellcasting
  8372 | D:9      | Reached XP level 10. HP: 52/52 MP: 12/27
  8660 | D:9      | Noticed a cyclops
  8662 | D:9      | Reached skill level 5 in Dodging
  8665 | D:9      | Offered knowledge of Stone Arrow by Vehumet.
  8667 | D:9      | Killed a cyclops
  9085 | D:9      | Reached skill level 12 in Spellcasting
  9086 | D:9      | Reached *** piety under Vehumet
  9294 | D:9      | Reached skill level 5 in Stealth
  9336 | D:10     | Entered Level 10 of the Dungeon
  9339 | D:10     | Noticed Grum
  9342 | D:10     | Killed Grum
  9356 | D:10     | Reached skill level 10 in Fire Magic
  9491 | D:10     | Offered knowledge of Ignite Poison by Vehumet.
  9842 | D:10     | Noticed an unseen horror
  9844 | D:10     | Killed an unseen horror
 10053 | D:10     | Reached XP level 11. HP: 56/56 MP: 19/29
 10130 | D:10     | Reached skill level 13 in Spellcasting
 10293 | D:10     | Noticed Maurice
 10326 | D:10     | Reached **** piety under Vehumet
 10439 | D:10     | Killed Maurice
 10710 | D:11     | Reached skill level 10 in Conjurations
 10718 | D:11     | Offered knowledge of Lee's Rapid Deconstruction by Vehumet.
 10876 | D:11     | Noticed an unseen horror
 10878 | D:11     | Slain by an unseen horror

Vault maps used:
D:1:      dpeg_arrival_connections
D:2:      kennysheep_six_static_rooms, amethyst_overflow_temple_binary
D:3:      uniq_terence, uniq_natasha
D:4:      lemuel_temple_firewalk_b, serial_shops, kennysheep_little_box,
          uniq_crazy_yiuf_cottage
D:5:      first_ration, uniq_pikel
D:6:      lightli_temple_of_fire
D:8:      nemelex_xobeh_ov_fountains_minmay, uniq_prince_ribbit1
D:9:      serial_undead, serial_undead_a, serial_undead_e, serial_undead_d,
          serial_undead_d, hangedman_fish_farm, hangedman_abyss_or_decor_stabs
D:10:     grunt_decor_arrowhead, uniq_grum, uniq_maurice
D:11:     cheibrodos_elevator_heist, david_lair_generic
Temple:   regret_index_temple_mists

Skill      XL: |  1  2  3  4  5  6  7  8  9 10 11 |
---------------+----------------------------------+-----
Dodging        | 3 4 5 |  5.6
Fire Magic     | 4 5 6 7 9 10 11 | 11.1
Conjurations   | 2 3 5 6 8 9 10 | 10.1
Spellcasting   | 4 5 6 8 9 11 12 13 | 13.6
Stealth        | 3 4 5 |  5.1
Fighting       | 1 |  1.7
Translocations | |  0.8

Action                   |  1- 3 |  4- 6 |  7- 9 | 10-12 || total
-------------------------+-------+-------+-------+-------++-------
Melee: Unarmed           |       |       |       |     2 ||     2
 Cast: Flame Tongue      |    80 |   129 |   156 |   122 ||   487
       Throw Flame       |     1 |     1 |     1 |       ||     3
       Conjure Flame     |       |     3 |     3 |     1 ||     7
       Sticky Flame      |       |     2 |    25 |    29 ||    56
       Force Lance       |       |       |    16 |     4 ||    20
       Fireball          |       |       |     4 |    30 ||    34
  Use: Scroll            |       |     7 |     1 |     9 ||    17
  Eat: Chunk             |     3 |     8 |    10 |    10 ||    31
       Ration            |       |       |     1 |       ||     1
Armor: Robe              |     6 |     1 |    16 |    19 ||    42
Dodge: Dodged            |    15 |    27 |    62 |    32 ||   136

Table legend:
 A = Non-vault XP
 B = Vault XP
 C = Vault XP percentage of total XP
 D = Non-vault monster count
 E = Vault monster count
 F = Vault count percentage of total count
                 A         B        C        D         E       F
            +---------+---------+-------+---------+---------+-------
      Total |   11771 |    3724 |  24.0 |     215 |      32 |  13.0
            +---------+---------+-------+---------+---------+-------
        D:1 |      20 |       0 |   0.0 |      12 |       0 |   0.0
        D:2 |      93 |      11 |  10.6 |      23 |       6 |  20.7
        D:3 |     204 |      71 |  25.8 |      26 |       2 |   7.1
        D:4 |     287 |      39 |  12.0 |      18 |       1 |   5.3
        D:5 |     339 |     673 |  66.5 |      12 |       1 |   7.7
        D:6 |     865 |       0 |   0.0 |      24 |       0 |   0.0
        D:7 |    1277 |       0 |   0.0 |      25 |       0 |   0.0
        D:8 |     313 |     274 |  46.7 |       4 |       1 |  20.0
        D:9 |    2643 |    1016 |  27.8 |      31 |      10 |  24.4
       D:10 |    5446 |     995 |  15.4 |      37 |       5 |  11.9
       D:11 |     284 |     645 |  69.4 |       3 |       6 |  66.7
            +---------+---------+-------+---------+---------+-------
